 Dungeon Crawl Stone Soup version 0.20-a0-1000-g0e8f6bb (webtiles) character file.

366 MirrMurr the Poker (level 6, -1/49 HPs)
             Began as a Demonspawn Gladiator on Apr 12, 2017.
             Succumbed to Patate's ghost's poison
             ... on level 3 of the Dungeon.
             The game lasted 00:07:28 (2319 turns).

MirrMurr the Poker (Demonspawn Gladiator)           Turns: 2319, Time: 00:07:28

Health: -1/49      AC: 13    Str: 16    XL:     6   Next: 40%
Magic:  6/6        EV: 11    Int:  9    God:
Gold:   81         SH:  0    Dex: 20    Spells: 5/5 levels left

rFire    . . .     SeeInvis .   a - +0 trident
rCold    . . .     Gourm    .   (no shield)
rNeg     . . .     Faith    .   j - +0 plate armour
rPois    .         Spirit   .   c - +0 helmet
rElec    .         Reflect  .   (no cloak)
rCorr    .         Harm     .   (no gloves)
MR       .....                  (no boots)
Stlth    ..........             (no amulet)
Regen    0.2/turn               (no ring)
MPRegen  0.1/turn               (no ring)

@: agile, lethally poisoned (-1 -> -39), glowing
A: rugged brown scales 1, rot immunity
a: no special abilities


You were on level 3 of the Dungeon.
You were not hungry.

You visited 1 branch of the dungeon, and saw 3 of its levels.

You collected 81 gold pieces.

Inventory:

Hand Weapons
 a - a +0 trident (weapon)
Missiles
 d - a throwing net
 i - 30 stones (quivered)
 m - 17 poisoned needles
Armour
 c - a +0 helmet (worn)
 j - a +0 plate armour (worn)
Jewellery
 g - an uncursed ring of protection from fire {unknown}
Wands
 b - a wand of digging (7/24)
Scrolls
 h - a scroll of fog {unknown}
 n - a scroll of blinking {unknown}
 o - a scroll of recharging {unknown}
 r - 2 scrolls of remove curse
Potions
 e - 2 potions of flight
 l - a potion of mutation
Comestibles
 f - a bread ration
 k - 8 chunks of flesh


   Skills:
 + Level 3.8 Fighting
 * Level 5.1 Polearms
 - Level 1.7 Throwing
 + Level 2.5 Armour
 - Level 2.7 Dodging


You had 5 spell levels left.
You didn't know any spells.

Dungeon Overview and Level Annotations

Branches:
Dungeon (3/15)

Altars:

Annotations:
D:3 Patate's ghost, amateur SpEn


Innate Abilities, Weirdness & Mutations

You are partially covered in rugged brown scales. (AC +1, +3% HP)
You are immune to rotting.


Message History

* * * LOW HITPOINT WARNING * * *
You feel very sick.
Patate's ghost hits you but does no damage.
You are more poisoned.
It was a potion of agility.
You feel agile all of a sudden.
* * * LOW HITPOINT WARNING * * *
You feel very sick. Patate's ghost misses you.
You hit Patate's ghost but do no damage.
* * * LOW HITPOINT WARNING * * *
You feel very sick.
Patate's ghost hits you but does no damage.
You are more poisoned.
You hit Patate's ghost but do no damage.
* * * LOW HITPOINT WARNING * * *
You feel very sick. Patate's ghost barely misses you.
You closely miss Patate's ghost.
You die...

#. .. #. #.
##. ##W ..
.#. #.#.#.##
#... ..#
#..# #.# #.#
#.# #@###.#
#.W...#
###.### #.#
##.# ##..#
####...#####
+...........
####....####


You could see Patate's ghost.

Vanquished Creatures
  Sigmund (D:2)
  An orc wizard (D:3)
  7 adders
  5 gnolls (D:2)
  An ooze (D:2)
  A dart slug (D:1)
  A leopard gecko (D:3)
  4 orcs (D:3)
  3 giant cockroaches
  6 hobgoblins
  3 kobolds
  3 quokkas (D:2)
  9 bats
  A frilled lizard (D:2)
  6 goblins
  5 rats
57 creatures vanquished.

Notes
Turn   | Place    | Note
-------+----------+-------------------------------------------
     0 | D:1      | MirrMurr the Demonspawn Gladiator began the quest for the Orb.
     0 | D:1      | Reached XP level 1. HP: 16/16 MP: 1/1
   517 | D:1      | Reached skill level 3 in Polearms
   517 | D:1      | Gained mutation: You are immune to rotting. [demonic ancestry]
   517 | D:1      | Reached XP level 2. HP: 22/22 MP: 2/2
   617 | D:2      | Noticed Sigmund
   805 | D:2      | Killed Sigmund
   805 | D:2      | Reached skill level 4 in Polearms
   805 | D:2      | Reached XP level 3. HP: 18/29 MP: 3/3
   805 | D:2      | Reached XP level 4. HP: 22/35 MP: 4/4
   805 | D:2      | Reached XP level 5. HP: 26/41 MP: 5/5
  1866 | D:2      | Gained mutation: You are partially covered in rugged brown scales. (AC +1, +3% HP) [demonic ancestry]
  1866 | D:2      | Reached XP level 6. HP: 41/48 MP: 6/6
  2117 | D:3      | Reached skill level 5 in Polearms
  2295 | D:3      | Noticed Patate's ghost (amateur SpEn)
  2318 | D:3      | HP: 2/49 [poisoned by Patate's ghost]
  2319 | D:3      | Succumbed to Patate's ghost's poison

Vault maps used:
D:1:      minmay_arrival_semitransparent
D:2:      uniq_sigmund
D:3:      minmay_ogre_servants

Skill      XL: |  1  2  3  4  5  6 |
---------------+-------------------+-----
Polearms       | 3 4 5 |  5.1
Fighting       | 3 |  3.8
Armour         | 2 |  2.5
Throwing       | |  1.7
Dodging        | |  2.7

Action                   |  1- 3 |  4- 6 || total
-------------------------+-------+-------++-------
Melee: Trident           |    82 |   198 ||   280
Throw: Throwing net      |     3 |       ||     3
  Use: Scroll            |     3 |       ||     3
       Potion            |     1 |     2 ||     3
 Stab: Sleeping          |     1 |       ||     1
  Eat: Chunk             |       |     5 ||     5
Armor: Plate armour      |    72 |   129 ||   201
       Leather armour    |     1 |       ||     1
Dodge: Dodged            |    22 |    58 ||    80
